woodfighter, chaotic female orcish Cavewoman ---- |..| ---... |...... |......- --....... --.......-- ... |.......%... ...... --.---........ .------..[...G --.........).........%@. --........------- .... ---------...... --.--.-- --.. |......| --.. |.....-- |... ----.-| --.. |-)-----.. --.<..--... |....|..... --..---.-- ---- --- woodfighter the Cave Teen Experience level: 5 Strength: 16 Dexterity: 17 Constitution: 18 Intelligence: 11 Wisdom: 9 Charisma: 7 Health: 0(57) Energy: 11(11) Def: 2 Gold: 247 Moves: 1665 Dungeon seed: cDU597kfa_b-K8cN Game ID: woodfighter_1475315937 Your Inventory: Coins $ - 247 gold pieces Weapons a - a +1 club (weapon in hand) b - a +2 sling (alternate weapon; not wielded) r - 11 +0 arrows s - a +1 bow Armor n - an uncursed +0 dwarvish cloak q - an uncursed +0 leather armor (being worn) w - an uncursed +0 dwarvish cloak x - a cursed -1 dwarvish iron helm z - a blessed +2 dwarvish cloak A - an uncursed +0 pair of iron shoes E - an uncursed +0 pair of iron shoes F - an uncursed +0 dwarvish cloak G - an uncursed +0 pair of iron shoes N - a cursed +0 dwarvish iron helm Y - an uncursed +0 pair of iron shoes Comestibles c - 2 uncursed food rations d - an uncursed pancake f - an uncursed lichen corpse i - a blessed tin of spinach Scrolls j - an uncursed scroll of remove curse k - an uncursed scroll of scare monster p - an uncursed scroll of enchant weapon u - a blessed scroll of identify Potions m - an uncursed potion of extra healing v - a blessed potion of healing C - an uncursed potion of booze Rings h - an uncursed ring of polymorph control B - a blessed +1 ring of increase damage Wands H - a wand of magic missile (0:0) Tools l - a cursed oil lamp (0:1233) t - 6 uncursed tallow candles (0:200) y - an uncursed skeleton key D - 2 uncursed wax candles (0:400) Gems e - 13 uncursed flints (in quiver) Spells and supernatural/magical abilities: Name Level Category Fail Memory W - pray for help -- divine ? -- Your skills at the end: Miscellaneous Skills bare handed combat [Basic] Weapon Skills scimitar [Basic] club [Basic] sling [Basic] Spellcasting Skills Final Attributes: You were piously aligned. You were poison resistant. You had infravision. You were somewhat stealthy. You are dead. Vanquished creatures: 2 gnome kings a shrieker 3 gnome lords 6 dwarves a large kobold 8 gnomes a gnome zombie 2 jackals 5 newts a goblin 2 sewer rats a grid bug 2 lichens 2 kobold zombies 37 creatures vanquished. Voluntary challenges: You did not adorn yourself with jewelry or accessories. You did not cause conflict. You were not invisible. You did not have reflection. You were not displaced. You were an atheist. You used a wielded weapon 64 times, starting on turn 1. You did not apply a unicorn horn. You did not use plumbed fixtures. You did not drink any magical draughts. You were illiterate. You never genocided any monsters. You never polymorphed an object. You never changed form. You used no wishes. You never split a pudding. You never wrote Elbereth's name. You never violated your personal moral code. Dungeon overview: The Dungeons of Doom: levels 1 to 3 Level 1 a fountain, a sink a long staircase Level 2 stairs to The Gnomish Mines Level 3 a fountain The Gnomish Mines: levels 3 to 4 Level 3 stairs to The Dungeons of Doom Level 4 <- You were here History has recorded: On T:1 you entered the Dungeons of Doom to retrieve the Amulet of Yendor! On T:390 you advanced to experience level 2. On T:406 you reached level 2 of The Dungeons of Doom. On T:574 you reached level 3 of The Dungeons of Doom. On T:845 you reached level 1 of The Gnomish Mines. On T:880 you advanced to experience level 3. On T:898 you advanced to experience level 4. On T:1010 you reached level 2 of The Gnomish Mines. On T:1255 you advanced to experience level 5. Score breakdown: Gold: 247 ( 24 points) Experience: 5 levels ( 400 points) Exploration: 4 levels ( 90 points) Discoveries: 17 items ( 850 points) Variety of kills: 14 monsters ( 700 points) Major goal: (nothing yet) ( 0 points) Survival: died (score multiplied by 3) Total score: 6192 Latest messages: The magic missile hits you! Please move the cursor to an unknown object. Never mind. You hit the dwarf! The dwarf wields a dagger! The gnome lord wields a bow! You feel more confident in your weapon skills. You kill the dwarf! The gnome lord wields a crossbow! The gnome lord swings his crossbow at the cavewoman. The gnome lord hits! The gnome lord punches you! You hit the gnome lord. You hit the gnome lord! You hear crashing rock. The gnome lord swings his crossbow at the cavewoman. The gnome lord hits! The gnome lord punches you! You kill the gnome lord! H - a wand of magic missile. There are a few more objects here. You hit the gnome lord! The gnome lord swings his bow at the cavewoman. The gnome lord hits! The gnome lord punches you! You die... Final status: Goodbye woodfighter the Cavewoman, killed by a gnome lord... You died in The Gnomish Mines on dungeon level 4 with 6192 points, and 247 pieces of gold, after 1665 moves. You were level 5 with a maximum of 57 hit points when you died.